 Dungeon Crawl Stone Soup version 0.20-a0-641-g673355a (webtiles) character file.

233 DevlanMud the Shield-Bearer (level 6, -1/47 HPs)
             Began as a Formicid Fighter on Feb 13, 2017.
             Slain by a killer bee (3 damage)
             ... on level 3 of the Dungeon.
             The game lasted 00:06:45 (2762 turns).

DevlanMud the Shield-Bearer (Formicid Fighter)      Turns: 2762, Time: 00:06:46

Health: -1/47      AC: 12    Str: 27    XL:     6   Next: 25%
Magic:  6/6        EV:  5    Int:  8    God:
Gold:   120        SH: 17    Dex: 10    Spells: 5/5 levels left

rFire    + . .     SeeInvis +   a - +1 war axe
rCold    . . .     Gourm    .   r - +0 chain mail
rNeg     . . .     Faith    .   l - +1 large shield
rPois    .         Spirit   .   (helmet unavailable)
rElec    .         Reflect  .   (no cloak)
rCorr    .         Harm     .   j - +2 pair of gloves
MR       .....                  (no boots)
Stlth    ..........             (no amulet)
Regen    0.2/turn               g - ring of protection from fire
MPRegen  0.1/turn               q - ring of stealth

@: mighty, lethally poisoned (-1 -> -7)
A: permanent stasis, dig shafts and tunnels, four strong arms, antennae 3, wild
magic 1, evolution 1
a: Dig, Shaft Self


You were on level 3 of the Dungeon.
You were hungry.

You visited 1 branch of the dungeon, and saw 3 of its levels.

You collected 120 gold pieces.

Inventory:

Hand Weapons
 a - a +1 war axe (weapon)
Missiles
 b - 31 bolts
Armour
 j - a +2 pair of gloves (worn)
 l - a +1 large shield (worn)
 r - a +0 chain mail (worn)
Jewellery
 g - a ring of protection from fire (right hand)
 q - a ring of stealth (left hand)
Scrolls
 e - a scroll of enchant weapon
 i - 2 scrolls of amnesia
 k - a scroll of fear
 o - 2 scrolls of magic mapping
 p - a scroll of identify
Potions
 d - a potion of haste {unknown}
 m - a potion of brilliance
Comestibles
 c - 13 chunks of flesh
 f - 2 bread rations
 h - 2 fruits
 n - 2 meat rations


   Skills:
 - Level 3.2 Fighting
 * Level 3.9 Axes
 + Level 4.3 Armour
 * Level 5.9 Shields


You had 5 spell levels left.
You didn't know any spells.

Dungeon Overview and Level Annotations

Branches:
Dungeon (3/15)

Altars:
Ru
Trog


Innate Abilities, Weirdness & Mutations

You cannot be hasted, slowed, berserked, paralysed or teleported.
You can dig through walls and to a lower floor.
Your four strong arms can wield two-handed weapons with a shield.
You have a pair of large antennae on your head. (SInv)
Your spells are a little harder to cast, but a little more powerful.
You evolve.


Message History

* * * LOW HITPOINT WARNING * * *
You feel sick.
The leopard gecko hisses angrily.
You block the killer bee's attack.
The killer bee stings you but does no damage.
You slash the killer bee!
The killer bee is almost dead.
* * * LOW HITPOINT WARNING * * *
You feel sick. You block the killer bee's attack. x3
You are feeling hungry.
You closely miss the killer bee.
The killer bee is almost dead.
* * * LOW HITPOINT WARNING * * *
You feel sick. You block the killer bee's attack.
The killer bee stings you but does no damage.
You block the killer bee's attack.
You closely miss the killer bee.
The killer bee is almost dead.
The killer bee stings you.
You die...

#......#
#.....# #
#......#
#.....# #.
#####..#
.###..#...
#.## ..
...#.#.
###.####.#
...#.
#........#
## #.
#.########
#. #.####
#.@yy#
####l# .#
(. .y.
...{ ..y..
......


You could see 2 killer bees and a leopard gecko.

Vanquished Creatures
  A killer bee (D:3)
  A scorpion (D:3)
  3 adders
  5 gnolls
  A worm (D:2)
  3 dart slugs
  A ball python (D:2)
  9 bats
  5 giant cockroaches
  3 goblins (D:1)
  7 hobgoblins
  2 quokkas
  3 frilled lizards
  11 kobolds
  11 rats
66 creatures vanquished.

Notes
Turn   | Place    | Note
-------+----------+-------------------------------------------
     0 | D:1      | DevlanMud the Formicid Fighter began the quest for the Orb.
     0 | D:1      | Reached XP level 1. HP: 18/18 MP: 1/1
   306 | D:1      | Reached XP level 2. HP: 24/24 MP: 2/2
   340 | D:1      | Reached skill level 4 in Shields
   486 | D:1      | Reached XP level 3. HP: 29/29 MP: 3/3
  1165 | D:2      | Reached XP level 4. HP: 29/35 MP: 4/4
  1515 | D:2      | Found a bloodstained altar of Trog.
  1896 | D:3      | Reached skill level 5 in Shields
  1956 | D:3      | Reached XP level 5. HP: 13/41 MP: 5/5
  2659 | D:3      | Gained mutation: Scrolls take you a little longer to read. [potion of mutation]
  2659 | D:3      | Gained mutation: Your system is resistant to poisons. (rPois) [potion of mutation]
  2659 | D:3      | Gained mutation: Scrolls take you longer to read. [potion of mutation]
  2659 | D:3      | Gained mutation: Your muscles are strong. (Str +2) [potion of mutation]
  2660 | D:3      | Lost mutation: Your system is resistant to poisons. (rPois) [potion of mutation]
  2660 | D:3      | Lost mutation: Scrolls take you longer to read. [potion of mutation]
  2660 | D:3      | Lost mutation: Your muscles are strong. (Str +2) [potion of mutation]
  2660 | D:3      | Lost mutation: Scrolls take you a little longer to read. [potion of mutation]
  2660 | D:3      | Gained mutation: You evolve. [potion of mutation]
  2660 | D:3      | Gained mutation: Your spells are a little harder to cast, but a little more powerful. [potion of mutation]
  2674 | D:3      | Found a sacrificial altar of Ru.
  2712 | D:3      | Reached XP level 6. HP: 47/47 MP: 6/6
  2761 | D:3      | HP: 2/47 [poisoned by a killer bee]
  2762 | D:3      | Slain by a killer bee

Vault maps used:
D:1:      dpeg_arrival_brainrot
D:2:      marbit_many_paths, item_on_display_a
D:3:      nicolae_overflow_crystal_walls, first_bread

Skill      XL: |  1  2  3  4 |
---------------+-------------+-----
Shields        | 4 5 |  5.9
Axes           | 3 |  3.9
Armour         | 4 |  4.3
Fighting       | |  3.2

Action                   |  1- 3 |  4- 6 || total
-------------------------+-------+-------++-------
Melee: War axe           |   105 |   159 ||   264
  Use: Potion            |     3 |     4 ||     7
       Scroll            |     3 |     4 ||     7
  Eat: Chunk             |     1 |     5 ||     6
Armor: Scale mail        |    48 |       ||    48
       Chain mail        |    10 |    77 ||    87
Dodge: Dodged            |    31 |    23 ||    54
Block: Shield            |    54 |    14 ||    68
       Large shield      |       |   137 ||   137
